[Event "Titled Tuesday Blitz November 15 Early 2022"]
[White "Fernandez Guillen, Ernesto J."]
[Black "Zhigalko, Sergei"]
[WhiteFideId "3512428"]
[BlackFideId "13502956"]
[WhiteElo "2450"]
[BlackElo "2662"]
[Result "1-0"]
[Round "08"]
[TimeControl "180+1"]
[Date "2022.11.16"]
[WhiteClock "0:00:15"]
[BlackClock "0:00:01"]

1. e4 c5 2. Nf3 Nc6 3. Nc3 Nf6 4. e5 Ng4 5. Qe2 f6 6. exf6 Nxf6 7. g3 d5 8. d3 Bg4 9. Bg2 Nd4 10. Qd1 Qd7 11. O-O h5 12. Bf4 O-O-O 13. a4 g5 14. Be5 Qf5 15. Bxd4 cxd4 16. Nxd4 Qd7 17. Qe1 h4 18. Qe5 Qc7 19. Qxc7+ Kxc7 20. Rfe1 hxg3 21. hxg3 a6 22. Ne6+ Bxe6 23. Rxe6 g4 24. Rae1 Rh5 25. b4 Kd7 26. b5 Rc8 27. Rxf6 exf6 28. Nxd5 1-0


[Site "https://www.chess.com"]

[Event "Titled Tuesday Blitz November 15 Early 2022"]
[White "Fernandez Siles, Luis"]
[Black "Aldokhin, Ivan"]
[WhiteFideId "2209420"]
[BlackFideId "24115720"]
[WhiteElo "2186"]
[BlackElo "2313"]
[Result "0-1"]
[Round "08"]
[TimeControl "180+1"]
[Date "2022.11.16"]
[WhiteClock "0:00:04"]
[BlackClock "0:00:02"]

1. d4 Nf6 2. c4 g6 3. Nc3 Bg7 4. e4 d6 5. Nf3 O-O 6. Be2 Nc6 7. d5 Nb4 8. O-O Re8 9. Be3 e6 10. dxe6 Bxe6 11. Nd4 Bd7 12. f3 a5 13. Qd2 Nh5 14. Ndb5 Na6 15. Rad1 Bc6 16. Bd4 Qh4 17. Bxg7 Kxg7 18. Nd5 Bxd5 19. cxd5 Re7 20. Qxa5 f5 21. Bd3 Nf4 22. Qc3+ Kg8 23. g3 Qg5 24. Qd2 Nh3+ 25. Kg2 Qxd2+ 26. Rxd2 fxe4 27. Bxe4 Ng5 28. Bc2 Nb4 29. Bb3 Na6 30. Nd4 Nc5 31. h4 Nf7 32. Rc1 Ne5 33. Ne6 Ned3 34. Rc3 Nxe6 35. dxe6 Nc5 36. Bd5 c6 37. Bb3 Nxb3 38. Rxb3 Rxe6 39. Rxb7 Rxa2 40. Rc2 c5 41. Rd2 Ra6 42. Rc2 Rc6 43. b4 c4 44. b5 Rc8 45. b6 d5 46. Rc7 Rb8 47. b7 Ree8 48. Rd2 Red8 0-1


[Site "https://www.chess.com"]

[Event "Titled Tuesday Blitz November 15 Early 2022"]
[White "Firouzja, Alireza"]
[Black "Svane, Rasmus"]
[WhiteFideId "12573981"]
[BlackFideId "4657101"]
[WhiteElo "2903"]
[BlackElo "2674"]
[Result "1-0"]
[Round "08"]
[TimeControl "180+1"]
[Date "2022.11.15"]
[WhiteClock "0:02:05"]
[BlackClock "0:00:38"]

1. d4 Nf6 2. Bg5 d5 3. e3 c5 4. Bxf6 gxf6 5. dxc5 e6 6. c4 dxc4 7. Nd2 c3 8. bxc3 Nd7 9. c6 bxc6 10. Ngf3 Bg7 11. Be2 O-O 12. O-O c5 13. Rb1 f5 14. Qc2 Qc7 15. e4 fxe4 16. Qxe4 Rb8 17. Bd3 Nf6 18. Qh4 Rxb1 19. Bxb1 Bb7 20. Re1 Rd8 21. Nc4 h6 22. Nfe5 Bd5 23. h3 Rb8 24. Bd3 Nd7 25. Qe7 Bxe5 26. Nxe5 Qxe5 27. Rxe5 Nxe5 28. Qd6 Nc6 29. c4 Rd8 30. Qg3+ 1-0


[Site "https://www.chess.com"]

[Event "Titled Tuesday Blitz November 15 Early 2022"]
[White "Flis, Pawel"]
[Black "Manon-og, Ramon Jr."]
[WhiteFideId "1112864"]
[BlackFideId "5200776"]
[WhiteElo "1817"]
[BlackElo "2302"]
[Result "0-1"]
[Round "08"]
[TimeControl "180+1"]
[Date "2022.11.16"]
[WhiteClock "0:01:17"]
[BlackClock "0:01:31"]

1. e4 c5 2. Nf3 d6 3. d4 cxd4 4. Nxd4 Nf6 5. Nc3 a6 6. Bg5 e6 7. f4 Be7 8. Qf3 Qc7 9. O-O-O Nbd7 10. Bd3 h6 11. Bh4 b5 12. e5 Bb7 13. Nxe6 fxe6 14. Bg6+ Kf8 15. exf6 Bxf3 16. fxe7+ Kg8 17. gxf3 Nf6 18. Bxf6 gxf6 19. Rhg1 Qxe7 20. Be4+ Kf7 21. Bxa8 Rxa8 22. Ne4 d5 23. Nf2 Qc5 24. Ng4 Rh8 25. Rde1 h5 26. Nf2 Qxf2 0-1


[Site "https://www.chess.com"]

[Event "Titled Tuesday Blitz November 15 Early 2022"]
[White "Forgacs, Attila Jr."]
[Black "Szente Varga, Fruzsina"]
[WhiteFideId "773654"]
[BlackFideId "712264"]
[WhiteElo "2168"]
[BlackElo "1994"]
[Result "1-0"]
[Round "08"]
[TimeControl "180+1"]
[Date "2022.11.16"]
[WhiteClock "0:01:01"]
[BlackClock "0:00:05"]

1. e4 e5 2. Nf3 Nc6 3. Bb5 a6 4. Ba4 Nf6 5. O-O Be7 6. Re1 b5 7. Bb3 O-O 8. a4 b4 9. d3 d6 10. Nbd2 Be6 11. Nc4 Nd4 12. Nxd4 exd4 13. h3 Nd7 14. f4 Bh4 15. Rf1 Nc5 16. f5 Nxb3 17. cxb3 Bc8 18. Qh5 Bf6 19. Bf4 Re8 20. Rae1 Bb7 21. g4 g6 22. fxg6 hxg6 23. Qh6 Bg7 24. Qg5 Qxg5 25. Bxg5 d5 26. Na5 Rab8 27. Nxb7 Rxb7 28. exd5 Rxe1 29. Rxe1 f6 30. Bf4 Kf7 31. Re6 Bf8 32. Rxa6 g5 33. Bg3 Be7 34. Rc6 Bd8 35. Kg2 Ke7 36. Kf3 Kd7 37. Ke4 Be7 38. Kxd4 Bd6 39. Bxd6 cxd6 40. a5 Rb8 41. Rb6 Rh8 42. Rb7+ Kc8 43. a6 Rxh3 44. Rf7 Kb8 45. Rxf6 Rg3 46. Rxd6 Rxg4+ 47. Kc5 Ka7 48. Kb5 Rg1 49. Rd7+ Ka8 50. Kb6 1-0


[Site "https://www.chess.com"]

[Event "Titled Tuesday Blitz November 15 Early 2022"]
[White "Gabdrakhmanov, Azat"]
[Black "Tymrakiewicz, Rafal"]
[WhiteFideId "34189197"]
[BlackFideId "1108832"]
[WhiteElo "2254"]
[BlackElo "2138"]
[Result "1-0"]
[Round "08"]
[TimeControl "180+1"]
[Date "2022.11.16"]
[WhiteClock "0:00:25"]
[BlackClock "0:00:27"]

1. e4 Nf6 2. e5 Nd5 3. d4 d6 4. Nf3 g6 5. Be2 Bg7 6. exd6 cxd6 7. O-O O-O 8. h3 e5 9. c4 Ne7 10. dxe5 dxe5 11. Nc3 Nbc6 12. Be3 Nd4 13. Bxd4 exd4 14. Nb5 Nc6 15. c5 b6 16. Qc1 Be6 17. Rd1 a6 18. Nd6 bxc5 19. Qxc5 Qd7 20. Rac1 Rfd8 21. Ne4 Rac8 22. Bxa6 Rc7 23. Bb5 Rdc8 24. Qg5 Qd8 25. Bxc6 Qxg5 26. Nexg5 Rxc6 27. Rxc6 Rxc6 28. Nxe6 fxe6 29. b4 Ra6 30. Rd2 e5 31. b5 Rb6 32. a4 e4 33. Nxd4 Bh6 34. Re2 e3 35. fxe3 Rd6 36. a5 1-0


[Site "https://www.chess.com"]

[Event "Titled Tuesday Blitz November 15 Early 2022"]
[White "Gabrielian, Artur"]
[Black "Fedoseev, Vladimir"]
[WhiteFideId "4131002"]
[BlackFideId "24130737"]
[WhiteElo "2432"]
[BlackElo "2726"]
[Result "0-1"]
[Round "08"]
[TimeControl "180+1"]
[Date "2022.11.15"]
[WhiteClock "0:00:01"]
[BlackClock "0:00:15"]

1. e4 c6 2. d4 d5 3. e5 Bf5 4. h4 h6 5. g4 Be4 6. f3 Bh7 7. Nc3 e6 8. Be3 Nd7 9. f4 h5 10. gxh5 Nh6 11. Nf3 Be7 12. Ng5 Bf5 13. Be2 Qb6 14. Qd2 Qxb2 15. Rb1 Qa3 16. Rg1 b5 17. Kf2 b4 18. Nd1 Qxa2 19. Nb2 Nb6 20. Nd3 Nc4 21. Qc1 Qa3 22. Ra1 Qxc1 23. Rgxc1 a5 24. Nc5 Ng4+ 25. Bxg4 Bxg4 26. Rcb1 Bxc5 27. dxc5 Ke7 28. Bd4 Bf5 29. Rc1 Rxh5 30. Nf3 Rhh8 31. Rg1 g6 32. Rgc1 Rhb8 33. Ra4 Na3 34. c3 Bc2 35. Rxa3 bxa3 36. Rxc2 Rb2 37. Ne1 Rab8 38. c4 dxc4 39. Ke3 R8b3+ 40. Ke4 Rxc2 41. Nxc2 a2 42. Na1 Rh3 0-1


[Site "https://www.chess.com"]

[Event "Titled Tuesday Blitz November 15 Early 2022"]
[White "Garcia Ramos, Daniel"]
[Black "Devaev, Alexander"]
[WhiteFideId "32010311"]
[BlackFideId "4169395"]
[WhiteElo "2357"]
[BlackElo "2225"]
[Result "1-0"]
[Round "08"]
[TimeControl "180+1"]
[Date "2022.11.16"]
[WhiteClock "0:00:21"]
[BlackClock "0:00:59"]

1. e4 c6 2. d4 d5 3. Nc3 dxe4 4. Nxe4 Bf5 5. Nc5 Qc7 6. Nf3 Nd7 7. Bd3 Bxd3 8. Nxd3 e6 9. O-O Ngf6 10. Re1 Bd6 11. h3 O-O 12. Qe2 Rad8 13. b4 a5 14. a3 axb4 15. axb4 b5 16. Nc5 Bxc5 17. bxc5 Nd5 18. Bd2 Ra8 19. c4 bxc4 20. Qxc4 Rfb8 21. Reb1 h6 22. g3 Qc8 23. Kg2 Rxa1 24. Rxa1 Ra8 25. Re1 Qa6 26. Qc2 Qa2 27. Qe4 Ra3 28. Re2 Qc4 29. Ne5 N7f6 30. Nxc4 Nxe4 31. Nxa3 1-0


[Site "https://www.chess.com"]

[Event "Titled Tuesday Blitz November 15 Early 2022"]
[White "Gedgafov, Chamal"]
[Black "Dehtiarov, Roman"]
[WhiteFideId "34130621"]
[BlackFideId "14186640"]
[WhiteElo "2067"]
[BlackElo "2200"]
[Result "0-1"]
[Round "08"]
[TimeControl "180+1"]
[Date "2022.11.16"]
[WhiteClock "0:01:11"]
[BlackClock "0:01:28"]

1. d4 Nf6 2. Nf3 d5 3. Bf4 e6 4. e3 c5 5. c3 Qb6 6. Qb3 c4 7. Qc2 Nc6 8. Nbd2 Nh5 9. Bg3 g6 10. e4 Bg7 11. exd5 exd5 12. Bxc4 Nxg3 13. hxg3 dxc4 14. Nxc4 Qc7 15. O-O O-O 16. Rae1 Be6 17. Ne3 Rfd8 18. Rd1 Ne7 19. c4 Rac8 20. b3 b5 21. Qb2 bxc4 22. bxc4 Nf5 23. Nxf5 Bxf5 24. Rc1 Bd3 25. Rfd1 Bxc4 26. Nd2 Bxd4 27. Qa3 Bc5 28. Qc3 Bd5 29. Nf3 Bxf2+ 30. Kxf2 Qxc3 31. Rxc3 Rxc3 0-1


[Site "https://www.chess.com"]

[Event "Titled Tuesday Blitz November 15 Early 2022"]
[White "Gerbelli Neto, Eduardo"]
[Black "Petrova, Irina"]
[WhiteFideId "2103281"]
[BlackFideId "14124122"]
[WhiteElo "2178"]
[BlackElo "2023"]
[Result "0-1"]
[Round "08"]
[TimeControl "180+1"]
[Date "2022.11.16"]
[WhiteClock "0:00:03"]
[BlackClock "0:00:02"]

1. e4 d6 2. Nc3 Nf6 3. f4 c5 4. Nf3 g6 5. Bb5+ Bd7 6. Bc4 Bg7 7. O-O O-O 8. Qe1 Nc6 9. d3 Nd4 10. Bb3 a5 11. e5 dxe5 12. fxe5 Ng4 13. Bf4 Nxf3+ 14. gxf3 Nh6 15. Bd5 Qb6 16. Rb1 Nf5 17. Ne4 e6 18. Bc4 Qc7 19. Nd6 Nd4 20. c3 b5 21. Bb3 Nf5 22. Nxf5 exf5 23. Qg3 Be6 24. d4 cxd4 25. cxd4 Bxb3 26. axb3 Rac8 27. Rbc1 Qb6 28. Rfd1 Rxc1 29. Bxc1 Re8 30. Qf2 h5 31. f4 Rc8 32. d5 Qb7 33. d6 h4 34. h3 b4 35. Be3 Rd8 36. Bb6 Rd7 37. Rc1 Bf8 38. Rc7 Rxc7 39. dxc7 Qc6 40. Kh2 Qc1 41. Be3 Qxc7 42. Qd2 Qc6 43. Bd4 Qe4 44. Bf2 Kh7 45. Bxh4 Bh6 46. Bg3 Qf3 47. Qg2 Qxb3 0-1


[Site "https://www.chess.com"]

[Event "Titled Tuesday Blitz November 15 Early 2022"]
[White "Godzwon, Iwo"]
[Black "Kuznetsov, Mikhail"]
[WhiteFideId "21802483"]
[BlackFideId "4117190"]
[WhiteElo "2284"]
[BlackElo "1981"]
[Result "1-0"]
[Round "08"]
[TimeControl "180+1"]
[Date "2022.11.16"]
[WhiteClock "0:02:54"]
[BlackClock "0:02:53"]

1. e4 c6 2. d4 d5 3. Nc3 dxe4 4. Nxe4 Nf6 5. Nxf6+ exf6 6. Be3 Bd6 7. Bd3 O-O 8. Ne2 Re8 9. Qd2 Nd7 10. O-O-O Nf8 11. h4 Be6 12. Kb1 h5 13. Nf4 Bxf4 14. Bxf4 Qd5 15. c4 Qxg2 16. Rhg1 Qf3 17. Rg3 1-0


[Site "https://www.chess.com"]

[Event "Titled Tuesday Blitz November 15 Early 2022"]
[White "Goltseva, Ekaterina"]
[Black "Donchenko, Alexander"]
[WhiteFideId "24173770"]
[BlackFideId "24603295"]
[WhiteElo "2200"]
[BlackElo "2572"]
[Result "0-1"]
[Round "08"]
[TimeControl "180+1"]
[Date "2022.11.16"]
[WhiteClock "0:00:28"]
[BlackClock "0:01:32"]

1. d4 f5 2. Nf3 Nf6 3. c4 g6 4. e3 Bg7 5. b4 O-O 6. Bb2 e6 7. Be2 Qe7 8. O-O Nc6 9. b5 Nd8 10. Ba3 d6 11. c5 Nf7 12. Nbd2 Nd5 13. Qb3 b6 14. Bc4 Bb7 15. c6 Bc8 16. e4 fxe4 17. Nxe4 a6 18. Bb2 axb5 19. Bxb5 Ba6 20. a4 Ra7 21. Rae1 Bxb5 22. axb5 Ra5 23. Ned2 Qf6 24. Nc4 Ra7 25. Ne3 Nf4 26. Ng4 Qf5 27. Ne3 Qd3 28. Qb4 Ra5 29. Nc4 Nd5 30. Qd2 Qxc4 31. Rxe6 Rxb5 32. Rfe1 Qxc6 0-1


[Site "https://www.chess.com"]

[Event "Titled Tuesday Blitz November 15 Early 2022"]
[White "Golubev, Mikhail"]
[Black "Alfaro, William"]
[WhiteFideId "14100983"]
[BlackFideId "6100457"]
[WhiteElo "2374"]
[BlackElo "2096"]
[Result "1-0"]
[Round "08"]
[TimeControl "180+1"]
[Date "2022.11.16"]
[WhiteClock "0:01:44"]
[BlackClock "0:02:36"]

1. e4 c5 2. Nf3 Nc6 3. Nc3 a6 4. d4 cxd4 5. Nxd4 Nf6 6. Nxc6 bxc6 7. e5 Ng8 8. Bc4 d5 9. exd6 exd6 10. O-O Be7 11. Qf3 d5 12. Nxd5 cxd5 13. Bxd5 Ra7 14. Qxf7+ Kd7 15. Bf4 Nf6 16. Rad1 1-0


[Site "https://www.chess.com"]

[Event "Titled Tuesday Blitz November 15 Early 2022"]
[White "Gorodetzky, David"]
[Black "Mgeladze, Tamaz"]
[WhiteFideId "2813416"]
[BlackFideId "13601202"]
[WhiteElo "2497"]
[BlackElo "2288"]
[Result "0-1"]
[Round "08"]
[TimeControl "180+1"]
[Date "2022.11.15"]
[WhiteClock "0:00:11"]
[BlackClock "0:01:34"]

1. d4 Nf6 2. c4 g6 3. Nc3 Bg7 4. e4 O-O 5. Be2 d6 6. Be3 c5 7. d5 a6 8. a4 e6 9. Nf3 exd5 10. cxd5 Bg4 11. Nd2 Bxe2 12. Qxe2 Nbd7 13. O-O Re8 14. Rfe1 Rb8 15. a5 Qc7 16. f3 h5 17. Nc4 Ne5 18. Nb6 h4 19. Bf2 h3 20. g4 c4 21. Red1 Re7 22. Ra4 Rbe8 23. Nxc4 Nxc4 24. Qxc4 Qd7 25. Qf1 Nxg4 26. fxg4 Bxc3 27. Rc4 Qxg4+ 28. Kh1 Qf3+ 29. Kg1 Bxb2 30. Rd3 Qf4 31. Qxh3 Rxe4 32. Rxe4 Rxe4 33. Rb3 Bd4 34. Rxb7 Qxf2+ 0-1


[Site "https://www.chess.com"]

[Event "Titled Tuesday Blitz November 15 Early 2022"]
[White "Goroshkov, Maksym"]
[Black "Fernandez Garcia, Gumersindo"]
[WhiteFideId "14142716"]
[BlackFideId "24516740"]
[WhiteElo "2257"]
[BlackElo "2140"]
[Result "1-0"]
[Round "08"]
[TimeControl "180+1"]
[Date "2022.11.16"]
[WhiteClock "0:00:17"]
[BlackClock "0:00:19"]

1. e4 d6 2. d4 Nf6 3. Bd3 e5 4. c3 c6 5. Bg5 Be7 6. Ne2 Nbd7 7. Nd2 Qc7 8. O-O h6 9. Bh4 b5 10. a4 Bb7 11. axb5 cxb5 12. Bxb5 O-O 13. Bxd7 Qxd7 14. dxe5 dxe5 15. Nc4 Qc7 16. Ne3 Rfd8 17. Qc1 Bxe4 18. Ng3 Bd3 19. Rd1 Qb6 20. Ngf5 Bf8 21. c4 Rac8 22. Qc3 Bxf5 23. Nxf5 Qe6 24. Ne3 Ne4 25. Qc2 Rxd1+ 26. Rxd1 Nd6 27. b3 f6 28. Nd5 Nb5 29. Qg6 Nd4 30. Nxf6+ Qxf6 31. Bxf6 Rc6 32. Qe4 Rxf6 33. Qxe5 Nxb3 34. h4 a5 35. Rd8 a4 36. Ra8 a3 37. c5 Kh7 38. Qe4+ Kg8 39. Qd5+ Kh7 40. Qxb3 Bxc5 41. Qc2+ 1-0


[Site "https://www.chess.com"]

[Event "Titled Tuesday Blitz November 15 Early 2022"]
[White "Grandelius, Nils"]
[Black "Tregubov, Pavel V."]
[WhiteFideId "1710400"]
[BlackFideId "4115341"]
[WhiteElo "2617"]
[BlackElo "2448"]
[Result "1-0"]
[Round "08"]
[TimeControl "180+1"]
[Date "2022.11.16"]
[WhiteClock "0:00:41"]
[BlackClock "0:00:23"]

1. Nf3 Nf6 2. g3 c5 3. Bg2 Nc6 4. O-O d5 5. d4 cxd4 6. Nxd4 e5 7. Nxc6 bxc6 8. c4 Be6 9. Bg5 Rc8 10. Bxf6 gxf6 11. Qa4 Qd7 12. e3 d4 13. exd4 exd4 14. Nd2 c5 15. Qd1 h5 16. Ne4 Be7 17. Qf3 f5 18. Nd2 h4 19. Rfe1 Kf8 20. Rad1 Bg5 21. Qa3 Be7 22. Nf3 Bd6 23. Ne5 Qe7 24. Nc6 Qf6 25. Nxd4 hxg3 26. Nxe6+ fxe6 27. Rxd6 gxf2+ 28. Kxf2 Rxh2 29. Qg3 Qxb2+ 30. Re2 Qh8 31. Rdxe6 Qh4 32. Qxh4 Rxh4 33. Bd5 Rb8 34. Rf6+ Kg7 35. Rxf5 1-0


[Site "https://www.chess.com"]

[Event "Titled Tuesday Blitz November 15 Early 2022"]
[White "Grapsa, Georgia"]
[Black "Budrewicz, Krzysztof"]
[WhiteFideId "4206436"]
[BlackFideId "1127950"]
[WhiteElo "1877"]
[BlackElo "2187"]
[Result "0-1"]
[Round "08"]
[TimeControl "180+1"]
[Date "2022.11.16"]
[WhiteClock "0:00:02"]
[BlackClock "0:00:34"]

1. e4 Nc6 2. d4 d5 3. e5 Bf5 4. c3 e6 5. Bd3 Nge7 6. Ne2 Qd7 7. Ng3 Bxd3 8. Qxd3 O-O-O 9. b4 f6 10. f4 f5 11. a4 a5 12. Bd2 Kb8 13. Na3 Nc8 14. O-O Nb6 15. Rfb1 Nc4 16. Nxc4 dxc4 17. Qxc4 axb4 18. Ne2 Qd5 19. Qxd5 Rxd5 20. c4 Rd8 21. Be3 Na5 22. c5 Nc6 23. Rc1 Be7 24. Rc4 h6 25. Bd2 g5 26. g3 Rd7 27. Bxb4 Rhd8 28. Bc3 g4 29. a5 Ka7 30. a6 bxa6 31. Rca4 Nb8 32. Kf2 c6 33. Nc1 Rb7 34. Ke3 Rdd7 35. Nd3 Rb3 36. Kd2 Kb7 37. Kc2 Rb5 38. Nb4 a5 39. Nd3 h5 40. Rxa5 Rxa5 41. Rxa5 Na6 42. Ra2 Nc7 43. Nb2 Nb5 44. Kd3 Bxc5 45. Ra4 Bb6 46. Nd1 h4 47. Ne3 hxg3 48. hxg3 Rh7 49. Be1 Rh1 50. Bf2 Rh2 51. Nd1 Nc7 52. Rc4 Nd5 53. Rc2 Rh1 54. Be3 Rxd1+ 0-1


[Site "https://www.chess.com"]

[Event "Titled Tuesday Blitz November 15 Early 2022"]
[White "Gurevich, Dmitry"]
[Black "Pakleza, Zbigniew"]
[WhiteFideId "2000407"]
[BlackFideId "1119290"]
[WhiteElo "2506"]
[BlackElo "2411"]
[Result "1/2-1/2"]
[Round "08"]
[TimeControl "180+1"]
[Date "2022.11.16"]
[WhiteClock "0:00:05"]
[BlackClock "0:00:09"]

1. d4 d6 2. Nf3 Bg4 3. g3 Bxf3 4. exf3 e6 5. c4 c6 6. d5 exd5 7. cxd5 c5 8. Bh3 Be7 9. O-O Nf6 10. Nc3 O-O 11. Re1 Re8 12. Qd3 Na6 13. a3 Nc7 14. Bd2 Rb8 15. a4 a6 16. Reb1 b5 17. axb5 axb5 18. b4 Bf8 19. bxc5 dxc5 20. Nxb5 Ncxd5 21. f4 Nb4 22. Qxd8 Rexd8 23. Bxb4 cxb4 24. Na7 Rb6 25. Bg2 Rd2 26. Nc6 g6 27. Ne5 Rc2 28. Rb3 Rc3 29. Rab1 Rxb3 30. Rxb3 Rd6 31. Nd3 Rd4 32. Bf3 Nd5 33. Bxd5 Rxd5 34. Kf1 Ra5 35. Ke2 Kg7 36. h4 h5 37. Ke3 Rb5 38. Kd4 Rb8 39. Kc4 Kf6 40. Nxb4 Kf5 41. Nd3 Rxb3 42. Kxb3 Ke4 43. Kc4 Kf3 44. Ne5+ Kxf2 45. Nxf7 Kxg3 46. Ne5 Kxf4 47. Nxg6+ Kg4 48. Nxf8 Kxh4 49. Ng6+ Kg5 50. Ne5 Kf4 51. Ng6+ Kf5 52. Nh4+ Kg4 53. Ng2 Kf3 54. Nh4+ Kg4 55. Ng2 Kg3 56. Ne3 h4 57. Nf5+ Kg4 58. Nxh4 1/2-1/2


[Site "https://www.chess.com"]

[Event "Titled Tuesday Blitz November 15 Early 2022"]
[White "Gurvich, Vitaly"]
[Black "Durarbayli, Vasif"]
[WhiteFideId "24164852"]
[BlackFideId "13402935"]
[WhiteElo "2342"]
[BlackElo "2586"]
[Result "0-1"]
[Round "08"]
[TimeControl "180+1"]
[Date "2022.11.15"]
[WhiteClock "0:00:02"]
[BlackClock "0:00:27"]

1. e4 c5 2. d4 cxd4 3. c3 dxc3 4. Nxc3 e6 5. Nf3 Nc6 6. Bc4 a6 7. O-O d6 8. Qe2 Be7 9. Rd1 Qc7 10. Bf4 Ne5 11. Bb3 Nf6 12. Rac1 Qb8 13. Nd4 O-O 14. h3 Bd7 15. Be3 Rc8 16. f4 Nc6 17. f5 Nxd4 18. Bxd4 e5 19. Be3 Bc6 20. Bg5 b5 21. Bxf6 Bxf6 22. Bd5 Bg5 23. Rc2 b4 24. Bxc6 Qb6+ 25. Kh2 Qxc6 26. Qg4 Bf4+ 27. g3 Bh6 28. Rd3 bxc3 29. Rdxc3 Qb7 30. Qe2 Rxc3 31. Rxc3 Rc8 32. Qd3 Qxb2+ 0-1


[Site "https://www.chess.com"]

[Event "Titled Tuesday Blitz November 15 Early 2022"]
[White "Gutkin, Ilya"]
[Black "Khamdamova, Afruza"]
[WhiteFideId "16203470"]
[BlackFideId "14210444"]
[WhiteElo "2265"]
[BlackElo "2018"]
[Result "0-1"]
[Round "08"]
[TimeControl "180+1"]
[Date "2022.11.16"]
[WhiteClock "0:00:01"]
[BlackClock "0:00:20"]

1. Nf3 d5 2. g3 c5 3. Bg2 Nc6 4. d4 Nf6 5. O-O Bf5 6. c4 e6 7. Nc3 Be7 8. cxd5 exd5 9. dxc5 Bxc5 10. a3 O-O 11. b4 Be7 12. Bb2 a6 13. Nd4 Bg6 14. Rc1 Rc8 15. Nxc6 bxc6 16. Qa4 Qb6 17. Rfd1 Rfd8 18. e3 Bd6 19. Ne2 Ne4 20. Bd4 Qb5 21. Qxb5 cxb5 22. Nf4 Bxf4 23. gxf4 f5 24. Bb6 Rxc1 25. Rxc1 Rd6 26. Bd4 Bh5 27. Rc8+ Kf7 28. Rc7+ Ke8 29. Bxg7 Rg6 30. Kf1 Nd2+ 31. Ke1 Rxg2 32. Kxd2 Rxf2+ 33. Kc3 Rxh2 34. Bf6 Bf3 35. Kd4 Ra2 36. Ke5 Re2 37. Re7+ Kf8 38. Kxf5 Be4+ 39. Kg5 Rxe3 40. Ra7 Rg3+ 41. Kh4 Rg6 42. Be5 Bf5 43. Kh5 Rg3 44. Rxa6 Bg6+ 45. Kh4 Rg1 46. Rb6 Bd3 47. Rb7 Bc4 48. f5 Rf1 49. Kg5 d4 50. Kf6 Ke8 51. Rxh7 Bd3 52. Rh5 Be2 53. Bxd4 Bxh5 54. Ke5 Bf7 55. f6 Rf3 56. Kd6 Rxa3 57. Kc5 Bc4 58. Kc6 Rf3 59. Bc5 Kf7 60. Be7 Ke6 61. Kc5 Ke5 62. Kb6 Kd4 63. Kc6 Kc3 64. Kd6 Rf5 65. Kd7 Kd4 66. Kc6 Ke5 67. Kb6 Rxf6+ 68. Bxf6+ Kxf6 69. Kc5 Ke5 70. Kc6 Kd4 71. Kb6 Kc3 0-1


[Site "https://www.chess.com"]

[Event "Titled Tuesday Blitz November 15 Early 2022"]
[White "Hambleton, Aman"]
[Black "Harsha Bharathakoti"]
[WhiteFideId "2606577"]
[BlackFideId "5078776"]
[WhiteElo "2538"]
[BlackElo "2523"]
[Result "0-1"]
[Round "08"]
[TimeControl "180+1"]
[Date "2022.11.16"]
[WhiteClock "0:00:02"]
[BlackClock "0:00:34"]

1. d4 Nf6 2. Bf4 c5 3. e3 Qb6 4. Na3 d6 5. Nc4 Qc7 6. a4 g6 7. h3 Bg7 8. c3 O-O 9. Nf3 Be6 10. Ncd2 b6 11. Bd3 Nbd7 12. O-O cxd4 13. exd4 Bd5 14. Re1 Rfe8 15. Bh2 a6 16. c4 Bxf3 17. Nxf3 e5 18. Bf1 Nh5 19. b4 a5 20. Rb1 axb4 21. Rxb4 exd4 22. Rxe8+ Rxe8 23. Nxd4 Qc5 24. Nc2 Ne5 25. Rb5 Qc7 26. Ne3 Nf6 27. g4 h5 28. Be2 hxg4 29. hxg4 Ne4 30. Qb3 Qd8 31. Rxb6 Qh4 32. Nd1 Nxg4 33. Bf4 Ngxf2 34. Bg3 Nxg3 0-1


[Site "https://www.chess.com"]

[Event "Titled Tuesday Blitz November 15 Early 2022"]
[White "Harshavardhan G B"]
[Black "Zanette, Edgard Vinicius"]
[WhiteFideId "25059009"]
[BlackFideId "2109263"]
[WhiteElo "2333"]
[BlackElo "2211"]
[Result "1-0"]
[Round "08"]
[TimeControl "180+1"]
[Date "2022.11.16"]
[WhiteClock "0:00:03"]
[BlackClock "0:00:08"]

1. d4 Nf6 2. c4 e6 3. Nf3 b6 4. g3 Bb7 5. Bg2 Bb4+ 6. Nbd2 O-O 7. O-O d5 8. Qc2 Be7 9. cxd5 exd5 10. Ne5 c5 11. Ndf3 Nbd7 12. Bf4 Rc8 13. Rad1 c4 14. Rfe1 h6 15. Bh3 Ra8 16. Bf5 Nxe5 17. Nxe5 Bb4 18. Rf1 Qe7 19. h4 b5 20. Qc1 Bd6 21. Kg2 Bc8 22. Bxc8 Raxc8 23. f3 Nd7 24. Nxd7 Qxd7 25. e4 dxe4 26. fxe4 b4 27. e5 Qb7+ 28. d5 Bb8 29. Kh2 c3 30. d6 Rfd8 31. Bxh6 cxb2 32. Qxb2 gxh6 33. Rf2 Qe4 34. Rdf1 Rd7 35. Kh3 Rc3 36. Qd2 Qg6 37. Rf3 Rxf3 38. Rxf3 Qe6+ 39. Kg2 Qxe5 40. Qxh6 Rxd6 41. Qc1 Qe2+ 42. Rf2 Qe4+ 43. Kg1 Rd8 44. Qg5+ Kh7 45. Rxf7+ Kh8 46. Qg7# 1-0


[Site "https://www.chess.com"]

[Event "Titled Tuesday Blitz November 15 Early 2022"]
[White "Hartikainen, Jarmo"]
[Black "Minko, Dmitry"]
[WhiteFideId "503134"]
[BlackFideId "24188468"]
[WhiteElo "2189"]
[BlackElo "2147"]
[Result "0-1"]
[Round "08"]
[TimeControl "180+1"]
[Date "2022.11.16"]
[WhiteClock "0:01:38"]
[BlackClock "0:02:22"]

1. e4 e5 2. Nf3 Nc6 3. Bc4 Nf6 4. Ng5 d5 5. exd5 Nd4 6. c3 b5 7. Bf1 Nxd5 8. cxd4 Qxg5 9. Bxb5+ Kd8 10. Qf3 Bb7 11. d3 Qxc1+ 12. Qd1 Qxb2 13. Bc4 Bb4+ 14. Kf1 Ne3+ 0-1


[Site "https://www.chess.com"]

[Event "Titled Tuesday Blitz November 15 Early 2022"]
[White "Hirneise, Jens"]
[Black "Zeydan, Salih"]
[WhiteFideId "24614734"]
[BlackFideId "6361722"]
[WhiteElo "2344"]
[BlackElo "1988"]
[Result "0-1"]
[Round "08"]
[TimeControl "180+1"]
[Date "2022.11.16"]
[WhiteClock "0:00:09"]
[BlackClock "0:00:16"]

1. c4 e5 2. Nc3 Nc6 3. d3 g6 4. g3 Bg7 5. Bg2 Nge7 6. e3 O-O 7. Nge2 d6 8. O-O Be6 9. Nd5 h6 10. h3 f5 11. Nec3 Qd7 12. f4 Rae8 13. Kh2 Nd8 14. Nxe7+ Qxe7 15. Bd2 c6 16. b4 Qd7 17. b5 d5 18. bxc6 bxc6 19. cxd5 cxd5 20. Rc1 Nc6 21. Qa4 Rc8 22. Ne2 e4 23. d4 Rc7 24. Rc5 Rfc8 25. Rfc1 Bf8 26. R5c2 Be7 27. Ba5 Nxa5 28. Qxd7 Rxd7 29. Rxc8+ Kf7 30. R8c7 Nc4 31. Rxd7 Bxd7 32. Rc3 Ba4 33. Rc1 Bb4 34. Nc3 Bc6 35. a4 Nxe3 36. Nxe4 Bxa4 37. Nc5 Bb5 38. Bf3 a5 39. Ra1 Bc4 40. Kg1 Bc3 41. Rc1 Bxd4 42. Rb1 Bxc5 43. Rb7+ Ke6 44. Bg2 Nxg2+ 45. Kxg2 a4 46. Rc7 a3 47. Rxc5 Kd6 48. Ra5 Kc6 49. Kf2 a2 50. Ra3 Kb6 51. Ke3 Kc5 52. Kd2 Kb4 53. Ra8 Bb3 54. Rb8+ Ka3 55. Ra8+ Ba4 56. Kc3 a1=Q+ 57. Kd3 Qb2 58. Rb8 Qxb8 0-1


[Site "https://www.chess.com"]

[Event "Titled Tuesday Blitz November 15 Early 2022"]
[White "Howell, David W L"]
[Black "Nugumanov, Bakhtiyar"]
[WhiteFideId "410608"]
[BlackFideId "13701797"]
[WhiteElo "2567"]
[BlackElo "2287"]
[Result "1-0"]
[Round "08"]
[TimeControl "180+1"]
[Date "2022.11.16"]
[WhiteClock "0:01:14"]
[BlackClock "0:01:05"]

1. h4 d6 2. e4 e5 3. Nc3 h5 4. Bc4 g6 5. d3 Bg7 6. Bg5 Nf6 7. Qd2 c6 8. Bb3 b5 9. Nge2 Be6 10. d4 Bxb3 11. axb3 Nbd7 12. d5 cxd5 13. Nxd5 Nxe4 14. Bxd8 Nxd2 15. Bg5 Rc8 16. Kxd2 f6 17. Be3 Kf7 18. Rxa7 Ke6 19. Nc7+ Ke7 20. Nc3 d5 21. N3xd5+ Kd6 22. Ra6+ 1-0


[Site "https://www.chess.com"]